AoeStats
← Aldo

Arabia

509791142Analyzed
2v2 RM · 4d ago on Sep 28, 2026· 20m 12s· 4 players
Game mode
Random Map
Map size
Medium (4 player)
Population
200
Speed
Normal
Resources
Standard
Victory
Conquest
Starting age
Dark Age
Ending age
Imperial Age
RankedLock teamsTeams togetherTeam positionsShared explorationLock speedFull tech treeHidden civsTurbo modeCheats
Victory
Defeat
🇲🇽 Bulgarians · Mexico
945
+12
🇲🇽 Teutons · Mexico
893
+14
🇺🇸 Varangians · United States
856
-13
🇨🇦 Persians · Canada
853
-25
trikeee2033
8:38 Feudal Age
DisgruntledShark
8:50 Loom
10:56 Feudal Age
11:44 Double-Bit Axe
21:03 Castle Age
19:02 Fletching
19:07 Gold Mining
19:04 Horse Collar
fdiazlev
1:29 Loom
9:13 Loom
11:21 Feudal Age
11:59 Double-Bit Axe
11:37 Man-at-Arms
13:53 Wheelbarrow
19:14 Forging
19:05 Scale Mail Armor
19:12 Scale Barding Armor
Aldo
10:57 Loom
13:20 Feudal Age
15:05 Forging
14:55 Scale Mail Armor
18:57 Castle Age
17:32 Bloodlines
17:51 Scale Barding Armor
Connection lost

Rejoining the realm…

Still unreachable

The connection could not be restored.

Session expired

The server has moved on; the page needs a fresh start.